 Dungeon Crawl Stone Soup version 0.31.0-4-g52a2dc7128 (webtiles) character file.

Game seed: 17921081760282970429

77973 stipulation the Wrestler (level 15, -9/107 HPs)
             Began as a Ghoul Monk on Jan 23, 2024.
             Was the Champion of Wu Jian.
             Shot with a bolt by a yaktaur (18 damage)
             ... on level 15 of the Dungeon.
             The game lasted 00:14:20 (18680 turns).

stipulation the Wrestler (Ghoul Monk)              Turns: 18680, Time: 00:14:20

Health: -9/107     AC: 19    Str: 23    XL:     15   Next: 58%
Magic:  15/15      EV: 13    Int:  9    God:    Wu Jian [******]
Gold:   1431       SH:  0    Dex: 11    Spells: 14/14 levels left

rFire   . .          .
                       - Unarmed
rCold   + . .        c - orb {light}
rNeg    + + +        R - +0 plate armour
rPois   ∞            D - +2 hat
rElec   .            h - +0 cloak {Stlth+}
rCorr   .            (no gloves)
SInv    .            H - +0 pair of boots
Will    ++...        r - amulet of faith Stlth
                     p - +5 ring of evasion
HPRegen 0.00/turn    a - ring of willpower
MPRegen 0.14/turn

%: faith
@: inhibited regen, glowing
A: claws 1, cold resistance 1, negative energy resistance 3, inhibited
regeneration, torment resistance 2, devour on kill
a: Renounce Religion, Wall Jump, Serpent's Lash, Heavenly Storm


You were on level 15 of the Dungeon.
You worshipped Wu Jian.
Wu Jian was exalted by your worship.
You visited 3 branches of the dungeon, and saw 21 of its levels.

You collected 1860 gold pieces.
You spent 429 gold pieces at shops.

Inventory:

Missiles
 x - 2 throwing nets (quivered)
Armour
 c - an orb of light (worn)
 h - a +0 cloak of stealth (worn)
 D - a +2 hat (worn)
 H - a +0 pair of boots (worn)
 I - a +0 chain mail of willpower
 R - a +0 plate armour (worn)
Jewellery
 a - a ring of willpower (right claw)
 d - a +6 ring of strength
 p - a +5 ring of evasion (left claw)
 r - an amulet of faith (around neck)
 t - a +6 ring of dexterity
 u - a +5 ring of evasion
 z - a ring of flight
 E - a +5 ring of evasion
 Q - an amulet of the acrobat
 S - a ring of protection from fire
 T - a +6 ring of intelligence
 W - a ring of willpower
Wands
 g - a wand of roots (23)
 C - a wand of quicksilver (9)
 G - a wand of flame (55)
Scrolls
 b - 3 scrolls of butterflies
 f - 5 scrolls of noise
 j - 9 scrolls of enchant armour
 l - 5 scrolls of poison
 n - 8 scrolls of teleportation
 q - a scroll of brand weapon
 s - 5 scrolls of blinking
 y - 4 scrolls of fear
 B - 6 scrolls of vulnerability
 F - 2 scrolls of silence
 N - 2 scrolls of immolation
 O - 4 scrolls of fog {unknown}
 U - 2 scrolls of enchant weapon
 V - a scroll of identify
Potions
 e - 13 potions of curing
 i - a potion of attraction {unknown}
 k - 4 potions of heal wounds
 m - a potion of cancellation {unknown}
 o - 2 potions of magic {unknown}
 v - 3 potions of brilliance {unknown}
 A - a potion of enlightenment {unknown}
 J - 3 potions of invisibility
 K - 3 potions of haste
 L - 2 potions of might
 M - 3 potions of degeneration {unknown}
Miscellaneous
 w - a lightning rod (4/4)
 P - a phantom mirror


   Skills:
 - Level 3.2 Fighting
 - Level 10.0 Armour
 - Level 2.6 Dodging
 + Level 26.1 Unarmed Combat


You had 14 spell levels left.
You didn't know any spells.
Your spell library contained the following spells:

 Spells                   Type           Power      Damage    Failure   Level
 Gell's Gravitas          Tloc           0%         N/A       100%        3
 Teleport Other           Tloc           0%         N/A       100%        3
 Tukima's Dance           Hex            0%         N/A       100%        3
 Animate Dead             Necr           0%         N/A       100%        4
 Passage of Golubria      Tloc           0%         N/A       100%        4
 Borgnjor's Vile Clutch   Necr/Erth      0%         N/A       100%        5
 Yara's Violent Unravell  Hex/Alch       0%         3d3       100%        5
 Death Channel            Necr           0%         N/A       100%        6
 Dispersal                Tloc           0%         N/A       100%        6
 Sculpt Simulacrum        Ice/Alch       0%         N/A       100%        6
 Ozocubu's Refrigeration  Ice            0%         4d7       100%        7
 Polar Vortex             Ice            0%         N/A       100%        9


Dungeon Overview and Level Annotations

Branches:
Dungeon (15/15)            Temple (1/1) D:5            Lair (5/5) D:9
  Swamp (0/4) Lair:3       Spider (0/4) Lair:2        Slime (0/5) Lair:5
    Orc (0/2) D:9
 Vaults: D:13-14     Depths: D:15

Altars:
Ashenzari
Cheibriados
Dithmenos
Fedhas
Gozag
Hepliaklqana
Kikubaaqudgha
Makhleb
Nemelex Xobeh
Okawaru
Qazlal
Ru
Sif Muna
Trog
Uskayaw
Vehumet
Wu Jian
Xom
Yredelemnul
Jiyva

Shops:
D:1 *[!!

Annotations:
D:10 2 transporters, ggggg's ghost, journeyman DjAE
D:11 3 transporters
D:13 2 transporters, exclusion: obsidian statue


Innate Abilities, Weirdness & Mutations

You are immune to poison.
You have sharp fingernails.
Your flesh is cold resistant. (rC+)
You are immune to negative energy. (rN+++)
You do not regenerate when monsters are visible.
You are immune to unholy pain and torment.
You thrive by killing the living.


Message History

The centaur warrior hits you but does no damage.
The centaur warrior kicks you but does no damage.
The green ugly thing trunk-slaps you but does no damage.
You completely miss the green ugly thing.
The green ugly thing is heavily wounded.
The green ugly thing engulfs you.
The centaur warrior hits you but does no damage.
The centaur warrior barely misses you.
You mangle the centaur warrior!!
The centaur warrior is moderately wounded.
The green ugly thing trunk-slaps you but does no damage.
The cyan ugly thing basks in the mutagenic energy from its kin and changes!
The centaur warrior hits you but does no damage.
The centaur warrior kicks you but does no damage.
You mangle the centaur warrior!!
The centaur warrior is severely wounded.
The green ugly thing engulfs you!
The centaur warrior wields a +0 orcbow.
The centaur warrior shoots an arrow.
The arrow hits you!
The green ugly thing basks in the mutagenic energy from its kin and changes!
The centaur warrior shoots an arrow.
The arrow barely misses you.
The green ugly thing attacks as it pursues you!
The green ugly thing misses you.
Okay, then.
The centaur warrior shoots an arrow.
The arrow hits you!
The centaur warrior shoots an arrow.
The arrow completely misses you.
There is a stone staircase leading down here.
The centaur warrior shoots an arrow.
The arrow hits you!
* * * LOW HITPOINT WARNING * * *
The green ugly thing barely misses you.
You climb downwards.
The yaktaur shouts! x3; You hear a shout! x2
There is a stone staircase leading up here.
The green ugly thing engulfs you.
* * * LOW HITPOINT WARNING * * *
The yaktaur wields a +0 arbalest.
The yaktaur shoots a bolt.
The bolt hits you!
* * * LOW HITPOINT WARNING * * *
The yaktaur wields a +0 arbalest.
The yaktaur shoots a bolt.
The bolt hits you!!
You die...

# ..
...###########.
...........c.c.
......u........
.......@..c....
......#########
..... .... ...
.. .


You could see a green ugly thing and 3 yaktaurs.

Vanquished Creatures
  Frances (D:14)
  An eleionoma (Lair:3)
  Josephine (D:13)
  Snorg (Lair:4)
  Harold (Lair:1)
  An ice dragon (Lair:5)
  A catoblepas (Lair:2)
  3 hydras
  3 centaur warriors
  9 death yaks
  3 two-headed ogres
  A boulder beetle (D:8)
  Sonja (D:11)
  Amaemon (Lair:1)
  5 skysharks
  A lindwurm (Lair:5)
  2 harpies (shapeshifter) (D:11)
  8 ugly things
  A wolf spider (Lair:5)
  3 manticores
  2 deep elf pyromancers (D:14)
  7 cyclopes
  10 elephants (Lair:5)
  9 black mambas
  7 torpor snails
  A black mamba (shapeshifter) (D:13)
  An orange demon (Lair:1)
  A guardian serpent (Lair:5)
  A gargoyle (D:12)
  Maggie (Lair:2)
  21 cane toads
  2 rime drakes
  A kobold demonologist (D:8)
  4 komodo dragons
  3 polar bears
  9 trolls
  4 tyrant leeches (Lair:5)
  10 hornets
  A hornet (shapeshifter) (D:13)
  20 blink frogs
  5 dream sheep (Lair:5)
  3 slime creatures (D:13)
  12 wyverns
  2 vampires
  A basilisk (shapeshifter) (D:14)
  6 wraiths
  38 yaks
  3 steam dragons
  4 vampire mosquitoes (D:12)
  2 redbacks
  2 basilisks (Lair:4)
  2 acid dragons
  29 water moccasins
  3 orc warriors
  2 ice beasts
  A laughing skull (D:11)
  2 black bears
  2 ogres
  23 wolves
  10 centaurs
  A phantom (D:5)
  2 kobold brigands
  18 bullfrogs
  A gnoll sergeant (D:9)
  4 scorpions
  A wight (D:8)
  27 killer bees
  4 howler monkeys
  3 hounds (D:5)
  2 orc priests
  A gnoll bouda (D:5)
  4 jellies (Lair:5)
  3 sleepcaps
  5 iguanas
  14 orc wizards
  11 gnolls
  10 adders
  A river rat (D:3)
  2 white imps
  6 ufetubi
  2 dart slugs
  4 ribbon worms
  24 orcs
  7 bats
  5 endoplasms
  5 giant cockroaches
  2 hobgoblins
  2 quokkas (D:2)
  10 ball pythons
  4 frilled lizards
  14 goblins
  7 kobolds
  6 rats
527 creatures vanquished.

Notes
Turn   | Place    | Note
-------+----------+-------------------------------------------
     0 | D:1      | stipulation the Ghoul Monk began the quest for the Orb.
     0 | D:1      | Reached XP level 1. HP: 19/19 MP: 1/1
    49 | D:1      | Found Nyiwum's Distillery.
   185 | D:1      | Reached XP level 2. HP: 26/26 MP: 2/2
   237 | D:1      | Reached skill level 4 in Unarmed Combat
   354 | D:1      | Found Xoplel's Armour Shop.
   393 | D:1      | Found Qyotix's General Store.
   608 | D:1      | Found Luiwk's Distillery.
   702 | D:2      | Reached XP level 3. HP: 29/31 MP: 3/3
   769 | D:2      | Reached skill level 5 in Unarmed Combat
   865 | D:2      | Reached XP level 4. HP: 37/38 MP: 4/4
  1469 | D:3      | Found a faded altar of an unknown god.
  1512 | D:3      | Found a shimmering altar of Xom.
  2091 | D:3      | Found a shimmering blue altar of Sif Muna.
  2103 | D:3      | Reached skill level 6 in Unarmed Combat
  2103 | D:3      | Reached XP level 5. HP: 45/45 MP: 5/5
  2331 | D:4      | Found a burning altar of Makhleb.
  2331 | D:4      | Noticed a balrug
  2427 | D:4      | Reached skill level 7 in Unarmed Combat
  2491 | D:4      | Reached XP level 6. HP: 49/51 MP: 6/6
  2751 | D:4      | Reached skill level 8 in Unarmed Combat
  2794 | D:4      | Reached XP level 7. HP: 52/57 MP: 7/7
  3055 | D:4      | Found a radiant altar of Vehumet.
  3055 | D:4      | Found a sacrificial altar of Ru.
  3201 | D:5      | Entered Level 5 of the Dungeon
  3278 | D:5      | Reached skill level 9 in Unarmed Combat
  3313 | D:5      | Found a staircase to the Ecumenical Temple.
  3327 | Temple   | Entered the Ecumenical Temple
  3481 | D:5      | Reached skill level 10 in Unarmed Combat
  3486 | D:5      | Reached XP level 8. HP: 58/63 MP: 8/8
  3874 | D:6      | Reached skill level 11 in Unarmed Combat
  4312 | D:6      | Reached skill level 12 in Unarmed Combat
  4380 | D:6      | Found a blossoming altar of Fedhas.
  4388 | D:6      | Found a stormy altar of Qazlal.
  4586 | D:6      | Found a sparkling altar of Nemelex Xobeh.
  4644 | D:6      | Reached XP level 9. HP: 63/70 MP: 9/9
  5033 | D:7      | Reached skill level 1 in Armour
  5061 | D:7      | Noticed a two-headed ogre
  5079 | D:7      | Killed a two-headed ogre
  5080 | D:7      | Reached skill level 13 in Unarmed Combat
  5598 | D:7      | Found a basalt altar of Yredelemnul.
  5599 | D:7      | Found a broken altar of Ashenzari.
  5603 | D:7      | Found an ornate altar of the Wu Jian Council.
  5837 | D:7      | Became a worshipper of the Wu Jian Council
  5837 | D:7      | Reached * piety under Wu Jian
  5837 | D:7      | Reached ** piety under Wu Jian
  6025 | D:1      | Bought a scroll of teleportation for 39 gold pieces
  6061 | D:1      | Bought a potion of invisibility for 96 gold pieces
  6061 | D:1      | Bought a potion of haste for 120 gold pieces
  6061 | D:1      | Bought a potion of curing for 36 gold pieces
  6061 | D:1      | Bought a potion of might for 48 gold pieces
  6087 | D:1      | Bought a potion of heal wounds for 50 gold pieces
  6087 | D:1      | Bought a potion of might for 40 gold pieces
  6218 | D:8      | Noticed a hornet
  6228 | D:8      | Killed a hornet
  6300 | D:8      | Reached skill level 5 in Armour
  6300 | D:8      | Reached XP level 10. HP: 54/77 MP: 10/10
  6338 | D:8      | Reached skill level 14 in Unarmed Combat
  6490 | D:8      | Noticed a boulder beetle
  6508 | D:8      | Killed a boulder beetle
  6776 | D:8      | Noticed a manticore
  6776 | D:8      | Noticed a cyclops
  6790 | D:8      | Killed a manticore
  6795 | D:8      | Noticed a kobold demonologist
  6801 | D:8      | Noticed an orange demon
  7187 | D:8      | Noticed a manticore
  7203 | D:8      | Killed a manticore
  7795 | D:8      | Reached skill level 15 in Unarmed Combat
  7926 | D:8      | Killed a kobold demonologist
  7936 | D:8      | Killed a cyclops
  8025 | D:9      | Reached *** piety under Wu Jian
  8027 | D:9      | Reached XP level 11. HP: 76/82 MP: 11/11
  8038 | D:9      | Reached skill level 16 in Unarmed Combat
  8338 | D:9      | Found a staircase to the Lair.
  8384 | D:9      | Found a staircase to the Orcish Mines.
  8571 | D:10     | Entered Level 10 of the Dungeon
  8719 | D:10     | Noticed a two-headed ogre
  8728 | D:10     | Killed a two-headed ogre
  8847 | D:10     | Found an iron altar of Okawaru.
  8870 | D:10     | Reached skill level 17 in Unarmed Combat
  8908 | D:10     | Found a transporter.
  8908 | D:10     | Noticed a two-headed ogre
  8908 | D:10     | Noticed a two-headed ogre
  8908 | D:10     | Noticed ggggg's ghost (journeyman DjAE)
  8909 | D:10     | Noticed a two-headed ogre
  8913 | D:10     | Noticed a two-headed ogre
  9498 | D:10     | Found a transporter.
  9555 | D:11     | Noticed a cyclops
  9560 | D:11     | Killed a cyclops
  9681 | D:11     | Noticed a purple ugly thing
  9691 | D:11     | Killed a purple ugly thing
  9974 | D:11     | Noticed a manticore
  9981 | D:11     | Killed a manticore
  9982 | D:11     | Reached skill level 18 in Unarmed Combat
 10034 | D:11     | Noticed Sonja
 10038 | D:11     | Killed Sonja
 10214 | D:11     | Noticed a cyclops
 10214 | D:11     | Noticed a harpy
 10219 | D:11     | Killed a harpy
 10224 | D:11     | Killed a cyclops
 10225 | D:11     | Reached XP level 12. HP: 65/89 MP: 12/12
 10345 | D:11     | Noticed a two-headed ogre
 10351 | D:11     | Noticed a centaur warrior
 10352 | D:11     | Killed a two-headed ogre
 10358 | D:11     | Killed a centaur warrior
 10358 | D:11     | Reached **** piety under Wu Jian
 10359 | D:11     | Reached skill level 19 in Unarmed Combat
 10462 | D:11     | Found a transporter.
 10481 | D:11     | Found a transporter.
 10564 | D:11     | Found a transporter.
 10588 | D:11     | Found a transporter.
 10708 | Lair:1   | Entered Level 1 of the Lair of Beasts
 10923 | Lair:1   | Reached skill level 20 in Unarmed Combat
 11014 | Lair:1   | Noticed Amaemon
 11026 | Lair:1   | Killed Amaemon
 11228 | Lair:1   | Noticed Harold
 11229 | Lair:1   | Noticed a death yak
 11232 | Lair:1   | Noticed a death yak
 11238 | Lair:1   | Killed Harold
 11243 | Lair:1   | Killed a death yak
 11244 | Lair:1   | Killed a death yak
 11700 | Lair:2   | Reached skill level 21 in Unarmed Combat
 11791 | Lair:2   | Reached XP level 13. HP: 94/94 MP: 13/13
 11884 | Lair:2   | Found a hole to the Spider Nest.
 12010 | Lair:2   | Reached ***** piety under Wu Jian
 12199 | Lair:2   | Noticed Maggie
 12204 | Lair:2   | Killed Maggie
 12540 | Lair:3   | Noticed an eleionoma
 12542 | Lair:3   | Found a staircase to the Swamp.
 12552 | Lair:3   | Killed an eleionoma
 13829 | Lair:4   | Reached skill level 22 in Unarmed Combat
 14004 | Lair:4   | Reached skill level 10 in Armour
 14146 | Lair:4   | Noticed Snorg
 14157 | Lair:4   | Reached XP level 14. HP: 32/102 MP: 14/14
 14157 | Lair:4   | Killed Snorg
 14766 | Lair:5   | Entered Level 5 of the Lair of Beasts
 14800 | Lair:5   | Reached skill level 23 in Unarmed Combat
 14945 | Lair:5   | Reached ****** piety under Wu Jian
 15115 | Lair:5   | Reached skill level 24 in Unarmed Combat
 15359 | Lair:5   | Found a staircase to the Slime Pits.
 15359 | Lair:5   | Found a viscous altar of Jiyva.
 15664 | Lair:5   | Reached XP level 15. HP: 106/107 MP: 15/15
 15946 | Lair:5   | Reached skill level 25 in Unarmed Combat
 17462 | D:13     | Noticed a sphinx
 17462 | D:13     | Found a transporter.
 17463 | D:13     | Noticed a frost giant
 17484 | D:13     | Found a transporter.
 17858 | D:13     | Noticed Josephine
 17868 | D:13     | Killed Josephine
 18598 | D:14     | Reached skill level 26 in Unarmed Combat
 18640 | D:14     | Noticed Frances
 18649 | D:14     | Killed Frances
 18679 | D:15     | Entered Level 15 of the Dungeon
 18680 | D:15     | Shot with a bolt by a yaktaur

Illustrated notes

Levels and vault maps discovered:
D:1:      psy_arrival_dodecagon, layout_loops_ring, serial_shops,
          nicolae_shop_crystal, nicolae_shop_rolling_square, shop, shop
D:2:      layout_loops_ring, kennysheep_another_room, grunt_ministairs_6,
          dreamdust_princess_corridor, serial_bayou_pond_a
D:3:      layout_basic, mainiacjoe_overflow_chevrons, kennysheep_orc_sif_temple,
          basic_ecumenical_altar, portal_sewer_entry_e
D:4:      layout_loops_ring, makhleb_altar_promises_db,
          gammafunk_temple_overflow_wave, nicolae_letterblocks
          [nicolae_letter_subblock, nicolae_letter_subblock,
          nicolae_letter_subblock, nicolae_letter_subblock,
          nicolae_letter_subblock, nicolae_letter_subblock,
          nicolae_letter_subblock, nicolae_letter_subblock,
          nicolae_letter_subblock, nicolae_letter_subblock,
          nicolae_letter_subblock, nicolae_letter_subblock,
          nicolae_letter_subblock, nicolae_letter_subblock,
          nicolae_letter_subblock, nicolae_letter_subblock,
          nicolae_letter_subblock, nicolae_letter_subblock,
          nicolae_letter_subblock, nicolae_letter_subblock,
          nicolae_letter_subblock, nicolae_letter_subblock,
          nicolae_letter_subblock, nicolae_letter_subblock,
          nicolae_letter_subblock]
D:5:      layout_loops_ring, minmay_temple_entry_glass, dreamdust_wishing_well
D:6:      layout_rooms, grunt_temple_overflow_forces_of_nature,
          nemelex_spade_bored_becter
D:7:      layout_loops_ring, minitemple
D:8:      minmay_slanted_spiral_squares, layout_gridville
D:9:      layout_big_octagon, david_lair_shrubbed, orc_0_dummy,
          hangedman_decor_growths, minmay_misc_feat_hallway
D:10:     layout_irregular_city, marbit_many_paths, gammafunk_ghost_smash,
          nicolae_houndstooth_variations
D:11:     minmay_tri_box, layout_basic, nicolae_transporter_intersection,
          uniq_sonja
D:12:     layout_loops_ring
D:13:     gammafunk_sealed_arena, layout_loops_cross, uniq_josephine
D:14:     layout_basic, hellmonk_vaults_attempted_burglary,
          hangedman_decor_riveting, uniq_frances
D:15:     regret_index_condemned_cage, layout_irregular_city,
          chequers_serial_rivers_small_3, serial_shops, nicolae_lakefront_shop,
          moated_statue, uniq_jorgrun
Temple:   hellmonk_temple_beads
Lair:1:   layout_long_grid, uniq_harold, uniq_amaemon
Lair:2:   layout_gridlike, spider_nest_entry_webs, uniq_maggie
Lair:3:   layout_hall_layers, alex1729_swamp_entry_worm_eleionoma,
          serial_bayou_shore_b, serial_bayou_shore_a
Lair:4:   nzn_winding_woodlands_medium [nzn_winding_woodlands_5x5_three,
          nzn_winding_woodlands_5x15_sidewinder,
          nzn_winding_woodlands_5x5_perimeter, nzn_winding_woodlands_5x5_cross,
          nzn_winding_woodlands_center_pierced_h,
          nzn_winding_woodlands_hourglass, nzn_winding_woodlands_5x5_default,
          nzn_winding_woodlands_5x15_sawtooth,
          nzn_winding_woodlands_5x5_checkerboard], layout_hall_layers,
          chequers_serial_rivers_marsh, lemuel_fruit_tree, uniq_snorg
Lair:5:   hangedman_lair_tendril_chambers, layout_long_grid, wormcave,
          nicolae_slime_entry_field_trip

Skill      XL: |  1  2  3  4  5  6  7  8  9 10 11 12 13 14 15 |
---------------+----------------------------------------------+-----
Unarmed Combat | 4 5 6 7 8 10 12 13 15 18 21 22 24 26 | 26.1
Armour         | 5 7 10 | 10.0
Fighting       | |  3.2
Dodging        | |  2.6

Action                     |  1- 3 |  4- 6 |  7- 9 | 10-12 | 13-15 || total
---------------------------+-------+-------+-------+-------+-------++-------
  Melee: Unarmed           |    91 |   142 |   254 |   466 |   916 ||  1869
  Throw: Throwing net      |       |     1 |     1 |     1 |       ||     3
 Invoke: Serpent's Lash    |       |       |       |     3 |     7 ||    10
Ability: Whirlwind         |       |       |       |    65 |    83 ||   148
         Lunge             |       |       |       |    21 |    56 ||    77
         Wall Jump         |       |       |       |     3 |     7 ||    10
  Evoke: Wand              |       |       |       |     1 |       ||     1
    Use: Scroll            |       |     1 |       |    10 |     6 ||    17
         Potion            |       |       |     3 |       |     1 ||     4
   Stab: Held in net/web   |       |       |       |     1 |       ||     1
 Armour: Chain mail        |    64 |    66 |   166 |   227 |    25 ||   548
         Robe              |     3 |       |       |       |       ||     3
         Plate armour      |       |       |       |       |   358 ||   358
  Dodge: Dodged            |    36 |    75 |   225 |   375 |   440 ||  1151
